 Dungeon Crawl Stone Soup version 0.20.1-1-g8b1a95d (webtiles) character file.

5066 Peloso the Carver (level 10, -17/81 HPs)
             Began as a Demigod Fighter on July 30, 2017.
             Demolished by an orc warlord
             ... wielding a +0 great sword
              (20 damage)
             ... on level 7 of the Dungeon.
             The game lasted 00:19:40 (8764 turns).

Peloso the Carver (Demigod Fighter)                 Turns: 8764, Time: 00:19:41

Health: -17/81     AC: 16    Str: 37    XL:     10   Next: 10%
Magic:  4/4        EV:  8    Int: 20    God:
Gold:   223        SH: 15    Dex: 18    Spells: 9/9 levels left

rFire    . . .     SeeInvis .   q - +6 falchion of Extremism {antimagic, Int+4 Dex+3}
rCold    . . .     Gourm    .   c - +0 shield
rNeg     . . .     Faith    .   k - +0 plate armour
rPois    +         Spirit   .   F - +1 helmet
rElec    +         Reflect  +   (no cloak)
rCorr    .         Harm     .   (no gloves)
MR       +....                  b - +0 pair of boots of the Armoured One {Int+4} (curse)
Stlth    ..........             y - +2 amulet of reflection
Regen    0.3/turn               r - ring of poison resistance
MPRegen  0.1/turn               E - +5 ring of strength

@: mighty, drained
A: blurry vision 1, high mp 1, electricity resistance, strong 1
a: no special abilities


You were on level 7 of the Dungeon.
You were hungry.

You visited 1 branch of the dungeon, and saw 7 of its levels.

You collected 431 gold pieces.
You spent 208 gold pieces at shops.

Inventory:

Hand Weapons
 a - a +1 long sword
 q - the +6 falchion of Extremism (weapon) {antimagic, Int+4 Dex+3}
   (You bought it in a shop on level 6 of the Dungeon)

   It reduces the magical energy of the wielder, and disrupts the spells and
   magical abilities of those hit.
   Natural abilities and divine invocations are not affected.
   It affects your intelligence (+4).
   It affects your dexterity (+3).
Armour
 b - the cursed +0 pair of boots of the Armoured One (worn) {Int+4}
   (You found it on level 6 of the Dungeon)

   It affects your intelligence (+4).
   It has a curse placed upon it.
 c - a +0 shield (worn)
 k - a +0 plate armour (worn)
 F - a +1 helmet (worn)
Jewellery
 m - an uncursed ring of wizardry
 r - a ring of poison resistance (left hand)
 y - a +2 amulet of reflection (around neck)
 E - a +5 ring of strength (right hand)
Wands
 h - a wand of random effects (16/48)
 s - a wand of polymorph (8/24)
 u - a wand of iceblast (6/15)
Scrolls
 e - 2 scrolls of enchant weapon
 n - 4 scrolls of teleportation
 p - a scroll of remove curse
 v - 3 scrolls of blinking
 z - a scroll of magic mapping
 C - a scroll of identify
Potions
 j - a potion of invisibility
 o - 3 potions of haste
 t - a potion of brilliance {unknown}
 w - a potion of ambrosia
 A - a potion of flight
 B - 2 potions of heal wounds {unknown}
 H - a potion of magic {unknown}
 I - a potion of resistance {unknown}
Books
 x - a book of Callings

   Spells                             Type                      Level
   a - Summon Small Mammal            Summoning                    1
   b - Call Imp                       Summoning                    2
   c - Call Canine Familiar           Summoning                    3
   d - Summon Guardian Golem          Hexes/Summoning              3
   e - Summon Lightning Spire         Summoning/Air                4
   f - Summon Ice Beast               Ice/Summoning                4
Comestibles
 f - 8 bread rations
 g - 2 meat rations
 i - 12 fruits
 l - a chunk of flesh
 D - 3 royal jellies


   Skills:
 + Level 5.3(4.4) Fighting
 + Level 8.9(8.0) Long Blades
 + Level 6.7(5.8) Armour
 + Level 2.4(1.6) Dodging
 + Level 0.4(0.0) Stealth
 + Level 7.9(7.0) Shields
 + Level 0.1(0.0) Evocations


You had 9 spell levels left.
You didn't know any spells.

Dungeon Overview and Level Annotations

Branches:
Dungeon (7/15)             Temple (0/1) D:5

Shops:
D:6 (


Innate Abilities, Weirdness & Mutations

You have an increased reservoir of magic. (+10% MP)
Scrolls take you a little longer to read.
You are resistant to electric shocks. (rElec)
Your muscles are strong. (Str +2)


Message History

The orc warlord is severely wounded.
The orc warlord hits you with a great sword!
* * * LOW HITPOINT WARNING * * *
You closely miss the orc warlord.
The orc warlord is severely wounded.
The orc warlord closely misses you.
You hit the orc warlord.
The orc warlord is severely wounded.
Your shield and plate armour prevent you from hitting the orc warlord.
The orc warlord is severely wounded.
The orc warlord hits you but does no damage.
You slash the orc warlord!
The orc warlord is severely wounded.
The orc no longer looks unusually strong.
The orc warlord roars a battlecry!
The orc goes into a battle-frenzy!
You hit the orc warlord but do no damage.
The orc warlord is severely wounded.
The orc warlord hits you with a great sword!!
You die...

### # # # # ######### #........
#.##############........
#......@oozo))).........
########################.........
...........).............o.......
P...≈≈≈≈≈≈≈≈≈≈≈≈≈≈≈≈≈≈≈....≈≈≈≈≈≈
....≈≈≈≈≈≈≈≈≈≈≈≈≈≈≈≈≈≈≈....≈≈≈≈≈≈
....≈≈#####≈≈≈≈≈≈≈≈≈≈≈≈.o.o≈≈≈≈≈≈
....≈≈#ooo#............oz........
...P≈≈#.oo#############''''######
....≈≈###'# #.......#....#


You could see an orc warlord, a wight and 2 orcs.

Vanquished Creatures
  2 orc knights (D:7)
  A hippogriff (D:6)
  The ghost of McKennaii the Conjurer, an amateur DrCj of Sif Muna (D:5)
  14 wargs (D:7)
  A water moccasin (D:5)
  3 orc warriors
  The ghost of Sharkie the Sneak, an amateur SpEn (D:4)
  A phantom (D:4)
  2 black bears
  A centaur (D:3)
  2 big kobolds (D:5)
  A bullfrog (D:7)
  2 scorpions
  2 wights (D:7)
  A howler monkey (D:5)
  5 crimson imps
  4 orc priests (D:3)
  A bullfrog skeleton (D:6)
  2 hounds
  3 iguanas
  Natasha (twice) (D:2)
  6 orc wizards
  5 worker ants
  A killer bee zombie (D:7)
  6 adders
  2 shadow imps
  4 worms (D:2)
  A dart slug (D:1)
  5 leopard geckos
  51 orcs
  2 ball pythons
  8 bats
  4 giant cockroaches
  4 goblins
  13 hobgoblins
  6 jackals
  A quokka (D:4)
  7 frilled lizards
  A giant cockroach zombie (D:6)
  17 kobolds
  9 rats
205 creatures vanquished.

Vanquished Creatures (others)
  A plant (D:7)
1 creature vanquished.

Grand Total: 206 creatures vanquished

Notes
Turn   | Place    | Note
-------+----------+-------------------------------------------
     0 | D:1      | Peloso the Demigod Fighter began the quest for the Orb.
     0 | D:1      | Reached XP level 1. HP: 18/18 MP: 3/3
   363 | D:1      | Reached XP level 2. HP: 25/25 MP: 4/4
   406 | D:1      | Found a glowing golden altar of the Shining One.
   520 | D:1      | Reached skill level 2 in Long Blades
   892 | D:1      | Gained mutation: Scrolls take you a little longer to read. [potion of mutation]
   892 | D:1      | Gained mutation: Your muscles are strong. (Str +2) [potion of mutation]
   892 | D:1      | Gained mutation: You are resistant to electric shocks. (rElec) [potion of mutation]
  1028 | D:1      | Reached XP level 3. HP: 30/30 MP: 5/5
  1370 | D:2      | Noticed Natasha
  1374 | D:2      | Killed Natasha
  1643 | D:2      | Reached XP level 4. HP: 37/37 MP: 6/6
  1671 | D:2      | Found a snail-covered altar of Cheibriados.
  1702 | D:2      | Found an opulent altar of Gozag.
  1719 | D:2      | Found an ancient bone altar of Kikubaaqudgha.
  1746 | D:2      | Found a sparkling altar of Nemelex Xobeh.
  1788 | D:2      | Found a faded altar of an unknown god.
  1913 | D:2      | Noticed Natasha
  1920 | D:2      | Killed Natasha
  1920 | D:2      | Reached skill level 3 in Long Blades
  1920 | D:2      | Reached skill level 1 in Dodging
  2135 | D:2      | Found a hide-covered altar of Uskayaw.
  2300 | D:3      | Reached XP level 5. HP: 39/45 MP: 7/7
  2413 | D:3      | Noticed a centaur
  2429 | D:3      | Killed a centaur
  2434 | D:3      | HP: 1/45 [orc wizard/puff of frost (7)]
  2475 | D:2      | Reached skill level 4 in Long Blades
  2476 | D:2      | Reached XP level 6. HP: 8/51 MP: 8/8
  3200 | D:4      | Found a burning altar of Makhleb.
  3255 | D:4      | Found a shadowy altar of Dithmenos.
  3460 | D:4      | Noticed Sharkie's ghost (amateur SpEn)
  3513 | D:4      | Killed Sharkie's ghost
  3513 | D:4      | Reached XP level 7. HP: 38/57 MP: 9/9
  3935 | D:4      | Reached skill level 5 in Long Blades
  4295 | D:5      | Entered Level 5 of the Dungeon
  4390 | D:5      | Found a staircase to the Ecumenical Temple.
  4531 | D:5      | Reached skill level 5 in Shields
  4749 | D:5      | Found an iron altar of Okawaru.
  4766 | D:5      | Noticed McKennaii's ghost (amateur DrCj)
  4775 | D:5      | Killed McKennaii's ghost
  5009 | D:5      | Reached XP level 8. HP: 66/66 MP: 10/10
  5027 | D:5      | Reached skill level 6 in Long Blades
  5826 | D:6      | Reached skill level 5 in Armour
  6318 | D:6      | Got a pair of transparent boots
  6334 | D:6      | Identified the cursed +0 pair of boots of the Armoured One {Int+4} (You found it on level 6 of the Dungeon)
  6359 | D:6      | Found Kulek's Antique Weapon Shop.
  6364 | D:6      | Bought a dazzling falchion for 208 gold pieces
  6364 | D:6      | Identified the +6 falchion of Extremism {antimagic, Int+4 Dex+3} (You bought it in a shop on level 6 of the Dungeon)
  6557 | D:6      | Noticed a hippogriff
  6569 | D:6      | Killed a hippogriff
  6569 | D:6      | Reached skill level 7 in Long Blades
  6887 | D:7      | Reached XP level 9. HP: 31/72 MP: 3/11
  7643 | D:7      | Reached skill level 8 in Long Blades
  7712 | D:7      | Reached skill level 5 in Fighting
  8051 | D:7      | Noticed an orc knight
  8069 | D:7      | Killed an orc knight
  8107 | D:7      | Noticed an orc knight
  8134 | D:7      | Killed an orc knight
  8134 | D:7      | Reached XP level 10. HP: 14/81 MP: 3/13
  8714 | D:7      | Noticed an orc warlord
  8759 | D:7      | HP: 2/81 [orc warlord/great sword (12)]
  8764 | D:7      | Demolished by an orc warlord

Skill      XL: |  1  2  3  4  5  6  7  8  9 |
---------------+----------------------------+-----
Armour         | 3 4 5 6 |  6.7
Long Blades    | 2 3 4 5 7 8 |  8.9
Shields        | 3 4 5 6 7 |  7.9
Fighting       | 3 4 5 |  5.3
Dodging        | 1 2 |  2.4
Stealth        | |  0.4
Evocations     | |  0.1

Action                   |  1- 3 |  4- 6 |  7- 9 | 10-12 || total
-------------------------+-------+-------+-------+-------++-------
Melee: Long sword        |    96 |   223 |   307 |       ||   626
       Falchion          |       |       |   216 |    77 ||   293
Evoke: Wand              |       |       |     5 |     1 ||     6
  Use: Potion            |     1 |     1 |     2 |     1 ||     5
       Scroll            |       |     7 |    10 |       ||    17
  Eat: Chunk             |     2 |     5 |    18 |     1 ||    26
Armor: Scale mail        |    44 |    24 |       |       ||    68
       Plate armour      |       |   103 |   245 |    17 ||   365
Dodge: Dodged            |    35 |    59 |   121 |     8 ||   223
Block: Shield            |    62 |   135 |   416 |    35 ||   648
       Reflection        |       |       |     3 |       ||     3
       Rpst.: Long sword |    12 |    22 |    25 |       ||    59
       Falchion          |       |       |     9 |     2 ||    11
